 Dungeon Crawl Stone Soup version 0.21-a0-279-g6037ffb (console) character file.

77 removed the Conjurer (level 3, 0/26 HPs)
             Began as a Demigod Wizard on Sept 23, 2017.
             Succumbed to an adder's poison
             ... on level 2 of the Dungeon.
             The game lasted 00:04:44 (1810 turns).

removed the Conjurer (Demigod Wizard)               Turns: 1810, Time: 00:04:45

Health: 0/26       AC:  2    Str: 10    XL:     3   Next: 91%
Magic:  1/9        EV: 17    Int: 24    God:
Gold:   71         SH:  0    Dex: 19    Spells: 1/7 levels left

rFire    + . .     SeeInvis .   a - +0 dagger (venom)
rCold    + . .     Gourm    .   (no shield)
rNeg     . . .     Faith    .   j - +0 robe
rPois    +         Spirit   .   b - +0 hat
rElec    +         Reflect  .   (no cloak)
rCorr    +         Harm     .   (no gloves)
MR       .....                  (no boots)
Stlth    +++.......             (no amulet)
HPRegen  0.08/turn              (no ring)
MPRegen  0.11/turn              (no ring)

@: agile, lethally poisoned (0 -> -11), resistant
A: high mp 1
a: no special abilities


You were on level 2 of the Dungeon.
You were hungry.

You visited 1 branch of the dungeon, and saw 2 of its levels.

You collected 71 gold pieces.

Inventory:

Hand Weapons
 a - a +0 dagger of venom (weapon)
 f - a cursed +0 short sword
Missiles
 k - 8 javelins (quivered)
Armour
 b - a +0 hat (worn)
 j - a +0 robe (worn)
Scrolls
 e - a scroll of noise {unknown}
 i - 2 scrolls of teleportation {unknown}
 m - a scroll of enchant armour {unknown}
 p - a scroll of amnesia {unknown}
 r - 2 scrolls of identify {unknown}
Books
 c - a book of Minor Magic

   Spells                             Type                      Level
   a - Magic Dart                     Conjuration                  1
   b - Blink                          Translocation                2
   c - Call Imp                       Summoning                    2
   d - Slow                           Hexes                        2
   e - Conjure Flame                  Conjuration/Fire             3
   f - Mephitic Cloud                 Conjuration/Poison/Air       3
Comestibles
 d - a bread ration
 g - a meat ration
 n - 3 chunks of flesh


   Skills:
 - Level 1.7 Dodging
 - Level 1.7 Stealth
 - Level 2.6 Spellcasting
 + Level 3.6 Conjurations
   Level 0.8 Summonings
 - Level 0.8 Translocations


You had one spell level left.
You knew the following spells:

 Your Spells              Type           Power        Failure   Level  Hunger
a - Magic Dart            Conj           ###.         2%          1    None
b - Conjure Flame         Conj/Fire      ##......     16%         3    ###....
l - Blink                 Tloc           N/A          12%         2    ##.....


Dungeon Overview and Level Annotations

Branches:
Dungeon (2/15)


Innate Abilities, Weirdness & Mutations

You have an increased reservoir of magic. (+10% MP)


Message History

You feel sick. The frilled lizard bites you.
* * * LOW HITPOINT WARNING * * *
Unknown command.
Casting: Magic Dart
Confirm with . or Enter, or press ? or * to list all spells.
Aiming: Magic Dart
Press: ? - help, Shift-Dir - straight line, f - frilled lizard
Aim: a frilled lizard
Okay, then.
You aren't carrying any items that you can evoke.
Casting: Magic Dart
Confirm with . or Enter, or press ? or * to list all spells.
Aiming: Magic Dart
Press: ? - help, Shift-Dir - straight line, f - frilled lizard
Aim: a frilled lizard The magic dart hits the frilled lizard.
You kill the frilled lizard!
* * * LOW HITPOINT WARNING * * *
You feel sick.
You die...

#.## #...
#..# #..#
#..# #..#
#..# #.@#
#††#
#.$#####.##
#..........
###.####.#
#†# ##.####.#
#####........
#......####.#


There were no monsters in sight!

Vanquished Creatures
  3 adders (D:2)
  4 dart slugs
  A leopard gecko (D:1)
  2 bats (D:1)
  4 giant cockroaches
  2 hobgoblins
  A ball python (D:2)
  4 frilled lizards
  7 goblins
  9 kobolds
  5 rats
42 creatures vanquished.

Notes
Turn   | Place    | Note
-------+----------+-------------------------------------------
     0 | D:1      | removed the Demigod Wizard began the quest for the Orb.
     0 | D:1      | Reached XP level 1. HP: 14/14 MP: 6/6
    46 | D:1      | Reached skill level 1 in Conjurations
   211 | D:1      | Found a glowing golden altar of the Shining One.
   513 | D:1      | Reached skill level 2 in Conjurations
   513 | D:1      | Reached XP level 2. HP: 20/20 MP: 6/8
   535 | D:1      | Learned a level 2 spell: Blink
  1246 | D:2      | Reached XP level 3. HP: 26/26 MP: 6/9
  1290 | D:2      | Learned a level 3 spell: Conjure Flame
  1298 | D:2      | Reached skill level 3 in Conjurations
  1808 | D:2      | HP: 1/26 [frilled lizard (1)]
  1810 | D:2      | Succumbed to an adder's poison

Vault maps used:
D:1:      lemuel_arrival_hallway, kennysheep_flooded_box,
          grunt_decor_one_mirror, minmay_crystal_water, kennysheep_another_room

Skill      XL: |  1  2  3 |
---------------+----------+-----
Conjurations   | 2 3 |  3.6
Dodging        | |  1.7
Stealth        | |  1.7
Spellcasting   | |  2.6
Summonings     | |  0.8
Translocations | |  0.8

Action                   || total
-------------------------++-------
 Cast: Magic Dart        ||    90
       Blink             ||     4
  Use: Potion            ||     3
  Eat: Chunk             ||     2
Armor: Robe              ||     2
Dodge: Dodged            ||    20

Table legend:
 A = Spawn XP
 B = Non-spawn XP
 C = Spawn XP percentage of total XP
 D = Spawn monster count
 E = Non-spawn monster count
 F = Spawn count percentage of total count
 G = Total turns spent on level
                    A         B        C        D         E        F      G
               +---------+---------+-------+---------+---------+-------+---------
         Total |       0 |     110 |   0.0 |       0 |      42 |   0.0 |  1810
               +---------+---------+-------+---------+---------+-------+---------
           D:1 |       0 |      44 |   0.0 |       0 |      25 |   0.0 |  1244
           D:2 |       0 |      66 |   0.0 |       0 |      17 |   0.0 |   566
               +---------+---------+-------+---------+---------+-------+---------
